[Event "44th Chess Olympiad Women 2022"]
[Site "Chennai"]
[Date "2022.08.09"]
[Round "11.37"]
[White "Abrorova, Sabrina"]
[Black "Ramirez, Maria Eugenia"]
[Result "1/2-1/2"]
[ECO "A62"]
[WhiteElo "1799"]
[BlackElo "2005"]
[Annotator "TA"]
[PlyCount "156"]
[EventDate "2022.07.29"]
[EventType "team-tourn"]
[EventCountry "IND"]
[SourceTitle "playchess.com"]
[Source "ChessBase"]
[SourceQuality "1"]
[WhiteTeam "Tajikistan"]
[BlackTeam "Bolivia"]
[WhiteTeamCountry "TJK"]
[BlackTeamCountry "BOL"]
[TimeControl "40/5400+30:1800+30"]

1. d4 Nf6 2. Nf3 c5 3. d5 e6 4. c4 exd5 5. cxd5 d6 6. Nc3 g6 7. g3 Bg7 8. Bg2 O-O 9. O-O b6 10. a4 {[%emt 0:04:17] A62: Modern Benoni: Fianchetto Variation without early ...Nbd7.} Ba6 (10... Re8 $11) 11. Re1 $14 Re8 12. e4 {[%emt 0:03:09] White is slightly better.} Ng4 {[%emt 0:13:04] [#] Prevents e5.} 13. h3 $146 (13. Bf4 $16) ({Predecessor:} 13. Bf4 Ne5 14. Nxe5 dxe5 15. Be3 Nd7 16. Qd2 Nf6 17. h3 Qd6 18. b3 Rac8 19. Nb5 Bxb5 20. axb5 {0-1 (42) Gunina,V (2427)-Indjic,A (2607) Chess.com INT 2021}) 13... Ne5 14. Nxe5 Bxe5 15. f4 Bd4+ 16. Be3 Bg7 17. Bf2 Bb7 18. Qd2 Na6 19. Rad1 Qd7 20. b3 Nb4 21. Na2 (21. g4 $11) 21... Na6 (21... a5 $15) 22. a5 (22. g4 $11) 22... Qb5 23. axb6 Qxb6 ({Black should try} 23... axb6 $15 24. Bf1 Qd7) 24. Bf1 Re7 {[%emt 0:08:31] [#]} (24... Qxb3 $2 25. Rb1 Qa3 26. Re3 $18) (24... f5 $14) 25. Bc4 (25. Nc3 $1 $16) 25... Rae8 26. Nc3 Bc8 $2 (26... Bxc3 $11 27. Qxc3 Rxe4) 27. Kh2 $2 (27. e5 $18) 27... Nb4 $2 (27... Bxc3 $11 28. Qxc3 Rxe4) 28. Na4 Qb7 29. e5 Qd7 30. exd6 $2 {[%emt 0:05:34] Active counter play!} (30. e6 $18 fxe6 31. dxe6) 30... Qxh3+ $11 31. Kg1 Rxe1+ (31... Bd4 $1 $11 {and Black stays safe.} 32. Rxe7 (32. dxe7 $2 {perishes.} Qxg3+ 33. Kh1 Bxf2 $19) 32... Qxg3+ 33. Kh1 (33. Kf1 Bh3+ 34. Ke1 Bxf2+ 35. Qxf2 Nc2+ 36. Ke2 Rxe7+ 37. dxe7 Bg4+ 38. Kf1 Bh3+ 39. Ke2 Bg4+ 40. Kf1 Bh3+ 41. Ke2 $11) 33... Qh3+ 34. Kg1 Qg3+ 35. Kh1 (35. Kf1 Bh3+ 36. Ke1 Bxf2+ 37. Qxf2 Nc2+ 38. Ke2 Rxe7+ 39. dxe7 Bg4+ 40. Kf1 Bh3+ 41. Ke2 Bg4+ 42. Kf1 Bh3+ 43. Ke2 $11) 35... Qh3+ 36. Kg1 Qg3+) 32. Rxe1 $18 {[%emt 0:00:01] Really sharp!} Rd8 (32... Rxe1+ {was necessary.} 33. Qxe1 Nc2 34. Qe8+ Bf8) 33. Nxc5 a5 34. Bf1 Qf5 35. d7 $2 (35. Bb5 $18) 35... Bxd7 $14 36. Nxd7 Qxd7 37. d6 Bf8 $1 38. Bb6 Rc8 39. Bxa5 (39. Rd1 $11 {remains equal.}) 39... Qa7+ $17 40. Kh1 $1 Qxa5 (40... Qa8+ $1 $15 41. Kg1 Qxa5) 41. d7 $1 $11 Rd8 {[%emt 0:32:21] ...Qh5+ is the strong threat.} 42. Re8 $36 {[%emt 0:00:00][%mdl 2048] White has good play.} Qb6 {[%emt 0:00:00] Inhibits Qd4.} 43. Bg2 {[%emt 0:00:00] Inhibits Qb7.} (43. Bb5 $11 Kg7 {[#]} 44. g4 $1) 43... Na6 $15 {[%emt 0:00:00] White must now prevent ...Qc7.} 44. Kh2 ({White should play} 44. Qd5 $15 Qc7 45. Qc6 Qxd7 46. Rxd8 Qxd8 47. Qxa6) 44... Qb8 $2 (44... Qc7 $19 45. Bc6 Nc5) 45. Bc6 $11 Nc7 46. Qd6 Rxe8 47. dxe8=Q Qxe8 48. Qxc7 {[%emt 0:00:00][%mdl 4096] Endgame KQB-KQB} Qe2+ (48... Qe3 {is interesting.} 49. Qb7 h5 50. Bd5 Be7) 49. Bg2 h5 50. Qc4 Qf2 {[%emt 0:00:00] aiming for ...h4.} 51. Kh3 h4 52. gxh4 Qe3+ 53. Kg4 Kg7 {[%emt 0:00:23] ( -> ...f5+)} 54. Bf3 $1 Be7 55. Qe2 {[%emt 0:00:40] Inhibits Qf2.} Qg1+ 56. Qg2 (56. Kh3 $11 Bd6 57. Qd2 Qf1+ 58. Kg3 Qg1+ 59. Kh3 Qf1+ 60. Kg3 Qg1+ 61. Kh3) 56... Qc5 (56... Qe1 $17 57. Qb2+ Kh7) 57. Kh3 {[%emt 0:00:20] The position is equal.} Kh6 58. Bd5 f5 59. Bf7 Qd6 60. Qg3 Kg7 61. Be8 Kh7 62. b4 Bd8 63. b5 Qe6 64. Bc6 Bb6 65. Bf3 Qe8 66. h5 gxh5 67. Qg5 Qxb5 68. Qxh5+ Kg7 69. Qg5+ Kh7 70. Qe7+ Kg8 71. Qe6+ Kg7 72. Qe7+ Kg8 73. Qg5+ Kh7 74. Qe7+ Kg8 75. Qe6+ Kg7 76. Qe7+ Kg8 77. Qe6+ Kg7 78. Qe7+ Kg8 {[%emt 0:00:16] Blacks defense is rewarded with a draw.  Weighted Error Value: White=0.46/Black=0.47} 1/2-1/2

[Event "44th Chess Olympiad Women 2022"]
[Site "Chennai"]
[Date "2022.08.09"]
[Round "11.37"]
[White "Antonova, Lidiya"]
[Black "Monroy G., Nataly A."]
[Result "0-1"]
[ECO "B78"]
[WhiteElo "1497"]
[BlackElo "1907"]
[Annotator "NA RC"]
[PlyCount "66"]
[EventDate "2022.07.29"]
[EventType "team-tourn"]
[EventCountry "IND"]
[SourceTitle "playchess.com"]
[Source "ChessBase"]
[SourceQuality "1"]
[WhiteTeam "Tajikistan"]
[BlackTeam "Bolivia"]
[WhiteTeamCountry "TJK"]
[BlackTeamCountry "BOL"]
[TimeControl "40/5400+30:1800+30"]

1. e4 c5 2. Nf3 Nc6 3. d4 cxd4 4. Nxd4 g6 5. Be3 Bg7 6. Nc3 Nf6 7. Bc4 O-O 8. f3 d6 9. Qd2 Bd7 10. O-O-O a6 11. g4 b5 12. Nxc6 Bxc6 13. Bb3 a5 14. Nd5 Nd7 15. Nf4 Ne5 16. Qg2 a4 17. Bd5 b4 18. Bd4 Rc8 19. Rd2 b3 20. a3 Bxd5 21. exd5 bxc2 22. Bc3 Nc4 23. Rd3 Ne5 24. Rd2 Nc4 25. Rd3 Nxb2 26. Kxb2 Qb6+ 27. Kxc2 Bxc3 28. Kd1 Be5 29. Qg1 Qb1+ 30. Ke2 Rc2+ 31. Ke3 Qb6+ 32. Ke4 Rc4+ 33. Rd4 Rxd4+ 0-1

[Event "44th Chess Olympiad Women 2022"]
[Site "Chennai"]
[Date "2022.08.09"]
[Round "11.38"]
[White "Noshin, Anjum"]
[Black "Badenhorst, Chloe"]
[Result "1-0"]
[ECO "B33"]
[WhiteElo "2027"]
[BlackElo "1703"]
[Annotator "NA RC"]
[PlyCount "95"]
[EventDate "2022.07.29"]
[EventType "team-tourn"]
[EventCountry "IND"]
[SourceTitle "playchess.com"]
[Source "ChessBase"]
[SourceQuality "1"]
[WhiteTeam "Bangladesh"]
[BlackTeam "South Africa"]
[WhiteTeamCountry "BAN"]
[BlackTeamCountry "RSA"]
[TimeControl "40/5400+30:1800+30"]

1. e4 c5 2. Nf3 Nc6 3. d4 cxd4 4. Nxd4 Nf6 5. Nc3 e5 6. Ndb5 d6 7. Nd5 Nxd5 8. exd5 Nb8 9. a4 Be7 10. Be2 O-O 11. Bd2 f5 12. a5 a6 13. Na3 Nd7 14. Nc4 Rb8 15. O-O Qe8 16. Bh5 g6 17. Be2 f4 18. Bb4 Rf6 19. Re1 Nf8 20. Bf3 Bf5 21. c3 Nd7 22. Nd2 Rf8 23. Ne4 Bxe4 24. Bxe4 Nf6 25. c4 Nxe4 26. Rxe4 Qf7 27. Qf3 g5 28. g3 Kh8 29. gxf4 gxf4 30. Kh1 Rg8 31. Bc3 Rg7 32. c5 Rd8 33. cxd6 Bxd6 34. Bxe5 Bxe5 35. Rxe5 Qf6 36. Rae1 Rdg8 37. Re8 Qxb2 38. Rxg8+ Rxg8 39. Qxf4 Qg7 40. Qe5 Qxe5 41. Rxe5 Rd8 42. Kg2 Kg7 43. Re7+ Kg8 44. Re5 Kf7 45. Kf3 Kf6 46. Ke4 Rd7 47. Re6+ Kf7 48. f4 1-0

[Event "44th Chess Olympiad Women 2022"]
[Site "Chennai"]
[Date "2022.08.09"]
[Round "11.38"]
[White "Khan, Nazrana"]
[Black "Bouah, Denise"]
[Result "1-0"]
[ECO "D17"]
[WhiteElo "1829"]
[BlackElo "1736"]
[Annotator "NA RC COMBH"]
[PlyCount "53"]
[EventDate "2022.07.29"]
[EventType "team-tourn"]
[EventCountry "IND"]
[SourceTitle "playchess.com"]
[Source "ChessBase"]
[SourceQuality "1"]
[WhiteTeam "Bangladesh"]
[BlackTeam "South Africa"]
[WhiteTeamCountry "BAN"]
[BlackTeamCountry "RSA"]
[TimeControl "40/5400+30:1800+30"]

1. d4 d5 2. c4 c6 3. Nf3 Nf6 4. Nc3 dxc4 5. a4 Bf5 6. Ne5 Na6 7. f3 Nd7 8. Nxc4 e5 9. e4 exd4 10. Qxd4 Nb4 11. Qd1 Be6 12. Be3 Bxc4 13. Bxc4 Ne5 14. Be2 Ned3+ 15. Bxd3 Nxd3+ 16. Ke2 Nxb2 17. Qxd8+ Rxd8 18. Bxa7 Bb4 19. Rhc1 Ra8 20. Bd4 O-O 21. Nd5 cxd5 22. Bxb2 dxe4 23. fxe4 Rfd8 24. Rd1 Rxd1 25. Rxd1 Kf8 26. Rd4 Rxa4 27. Rxb4 1-0

[Event "44th Chess Olympiad Women 2022"]
[Site "Chennai"]
[Date "2022.08.09"]
[Round "11.38"]
[White "Selkirk, Rebecca"]
[Black "Jannatul, Ferdous"]
[Result "0-1"]
[ECO "B14"]
[WhiteElo "1745"]
[BlackElo "1815"]
[Annotator "NA RC COMBH"]
[PlyCount "62"]
[EventDate "2022.07.29"]
[EventType "team-tourn"]
[EventCountry "IND"]
[SourceTitle "playchess.com"]
[Source "ChessBase"]
[SourceQuality "1"]
[WhiteTeam "South Africa"]
[BlackTeam "Bangladesh"]
[WhiteTeamCountry "RSA"]
[BlackTeamCountry "BAN"]
[TimeControl "40/5400+30:1800+30"]

1. e4 c6 2. d4 d5 3. exd5 cxd5 4. c4 Nf6 5. Nc3 Nc6 6. Bg5 e6 7. c5 Be7 8. Nf3 O-O 9. a3 a5 10. Bd3 b6 11. Bb5 Qc7 12. Bxc6 Qxc6 13. Ne5 Qe8 14. c6 Ne4 15. Nxe4 dxe4 16. Bxe7 Qxe7 17. Qc2 f6 18. Nc4 b5 19. Ne3 f5 20. f4 exf3 21. gxf3 Qh4+ 22. Ke2 Qxd4 23. Rag1 b4 24. Qd2 Ba6+ 25. Ke1 Qxd2+ 26. Kxd2 Rfd8+ 27. Ke1 Rac8 28. axb4 axb4 29. Nd1 Rxc6 30. Rg2 Rcd6 31. Nf2 Rd2 0-1

[Event "44th Chess Olympiad Women 2022"]
[Site "Chennai"]
[Date "2022.08.09"]
[Round "11.38"]
[White "Van Zyl, Charlize"]
[Black "Sultana, Sharmin Shirin"]
[Result "1/2-1/2"]
[ECO "D10"]
[WhiteElo "1704"]
[BlackElo "1995"]
[Annotator "TA"]
[PlyCount "61"]
[EventDate "2022.07.29"]
[EventType "team-tourn"]
[EventCountry "IND"]
[SourceTitle "playchess.com"]
[Source "ChessBase"]
[SourceQuality "1"]
[WhiteTeam "South Africa"]
[BlackTeam "Bangladesh"]
[WhiteTeamCountry "RSA"]
[BlackTeamCountry "BAN"]
[TimeControl "40/5400+30:1800+30"]

1. d4 d5 2. Bf4 Nf6 3. e3 Bf5 4. c4 c6 5. Nc3 e6 6. Qb3 {[%emt 0:01:26] D10: Slav Defence: 3 cxd5 (without early Nf3) and 3 Nc3.} Qb6 7. c5 Qxb3 8. axb3 {[%emt 0:00:07][%cal Ba2b3,Bb3b4][%mdl 32] White is slightly better.} a6 9. b4 Nh5 10. Bc7 {[%emt 0:05:12][%cal Ob4b5] [#]} Be7 $146 ({Predecessor:} 10... Nd7 11. b5 cxb5 12. Nxb5 Rc8 13. Nd6+ Bxd6 14. Bxd6 Nhf6 15. f3 Nb8 16. b4 Kd7 {1-0 (31) Delchev,A (2585)-Rahnev,A (2138) Plovdiv 2017}) 11. h3 {[%emt 0:07:04] [#] Hoping for g4.} Nf6 12. Nf3 O-O 13. b5 {[%emt 0:02:28] White is more active.} cxb5 14. Bxb5 Nbd7 15. Be2 Rfc8 16. Bh2 Bd8 {[%emt 0:01:14] Black is now going downhill.} (16... b6 $1 $14) 17. O-O $16 Bc7 18. Bxc7 Rxc7 19. Nb5 Rc6 20. Nd6 Rb8 21. b4 b5 (21... Bg6 {was called for.} 22. b5 axb5 23. Bxb5 Rc7) 22. Ra2 $18 Rd8 23. Rfa1 Nb8 24. Ne5 Rc7 25. g4 Bg6 26. h4 {[%emt 0:03:11] aiming for h5.} h5 27. g5 Ne8 {[%emt 0:02:00] White has a decisive advantage.} 28. Nxg6 fxg6 29. Nxe8 Rxe8 30. Bd3 Kh7 31. f4 {[%emt 0:02:01][%mdl 32768] Weighted Error Value: White=0.11 (very precise) /Black=0.30. An unexpected result.} 1/2-1/2

[Event "44th Chess Olympiad Women 2022"]
[Site "Chennai"]
[Date "2022.08.09"]
[Round "11.39"]
[White "Vargas, Gabriela"]
[Black "Al-Fayyadh, Zainab Asif Abdulah"]
[Result "1-0"]
[ECO "A47"]
[WhiteElo "2140"]
[BlackElo "1749"]
[Annotator "NA RC"]
[PlyCount "67"]
[EventDate "2022.07.29"]
[EventType "team-tourn"]
[EventCountry "IND"]
[SourceTitle "playchess.com"]
[Source "ChessBase"]
[SourceQuality "1"]
[WhiteTeam "Paraguay"]
[BlackTeam "Iraq"]
[WhiteTeamCountry "PAR"]
[BlackTeamCountry "IRQ"]
[TimeControl "40/5400+30:1800+30"]

1. d4 d5 2. Nf3 Nf6 3. Bg5 e6 4. e3 Be7 5. Nbd2 O-O 6. Bd3 b6 7. Ne5 Bb7 8. O-O Nbd7 9. f4 Ne4 10. Bxe7 Qxe7 11. Rf3 Nxd2 12. Bxh7+ Kh8 13. Rh3 Nf6 14. Bg6+ Kg8 15. Bxf7+ Qxf7 16. Nxf7 Kxf7 17. Qxd2 Rac8 18. Qe2 c5 19. c3 Rg8 20. Rf1 Ke7 21. f5 Rc6 22. fxe6 c4 23. Rf5 Rxe6 24. Re5 Bc8 25. Rg3 Ne4 26. Rg6 Rxe5 27. dxe5 Bf5 28. Qh5 Bxg6 29. Qxg6 Rf8 30. Qxg7+ Rf7 31. Qg6 Nd2 32. Qd6+ Ke8 33. Qe6+ Kf8 34. h4 1-0

[Event "44th Chess Olympiad Women 2022"]
[Site "Chennai"]
[Date "2022.08.09"]
[Round "11.39"]
[White "Perez, Dalila"]
[Black "A-ALI, Sali Abbas Abdulzahr"]
[Result "0-1"]
[ECO "E06"]
[WhiteElo "1799"]
[BlackElo "1864"]
[Annotator "NA COMBH"]
[PlyCount "168"]
[EventDate "2022.07.29"]
[EventType "team-tourn"]
[EventCountry "IND"]
[SourceTitle "playchess.com"]
[Source "ChessBase"]
[SourceQuality "1"]
[WhiteTeam "Paraguay"]
[BlackTeam "Iraq"]
[WhiteTeamCountry "PAR"]
[BlackTeamCountry "IRQ"]
[TimeControl "40/5400+30:1800+30"]

1. d4 d5 2. Nf3 Nf6 3. c4 e6 4. g3 Be7 5. Bg2 O-O 6. O-O c5 7. cxd5 Nxd5 8. dxc5 Bxc5 9. a3 a5 10. Qc2 Qc7 11. e4 Ne7 12. Bf4 Qb6 13. Nc3 Bd7 14. Rfd1 Bc6 15. Ne5 Rc8 16. Rac1 Qa7 17. Nxc6 bxc6 18. Bd6 Bxd6 19. Rxd6 Nd7 20. Rcd1 Nf6 21. Na4 Qc7 22. Nc5 Ned5 23. e5 Ne8 24. Rd7 Qxe5 25. Nd3 Qb8 26. Nc5 Rc7 27. Rc1 Nef6 28. Rxc7 Qxc7 29. h4 g6 30. Qe2 Re8 31. Qc4 Rc8 32. Qe2 Kg7 33. Nd3 Qd6 34. Ne5 c5 35. Nc4 Qc7 36. Qd2 Ra8 37. Qd1 Qc6 38. Ne5 Qc7 39. Qe2 Rc8 40. Nc4 Ne7 41. Qd2 a4 42. Qc2 Qa7 43. Nd6 Rd8 44. Nb5 Qa5 45. Bf1 Rc8 46. Nd6 Rc6 47. Nc4 Qa7 48. Ne5 Rc7 49. Bb5 Nf5 50. Qxa4 Qxa4 51. Bxa4 Nd4 52. Kf1 Nd5 53. Nc4 f6 54. Bc2 Kf7 55. Bd1 e5 56. Nd6+ Ke6 57. Nc4 f5 58. Ne3 h5 59. Be2 f4 60. Nxd5 Kxd5 61. gxf4 exf4 62. Bc4+ Kd6 63. Bd3 Rg7 64. b4 cxb4 65. axb4 g5 66. Rc5 Nf3 67. hxg5 Nxg5 68. Rf5 f3 69. Ke1 h4 70. Rf6+ Kd5 71. Rh6 h3 72. Bf5 Re7+ 73. Kf1 Rb7 74. Rh5 h2 75. Rxh2 Ke5 76. Bd3 Rd7 77. Rh5 Rxd3 78. Rxg5+ Kf4 79. Kg1 Kxg5 80. Kh2 Kf4 81. b5 Rb3 82. b6 Rxb6 83. Kg1 Rb1+ 84. Kh2 Rf1 0-1

[Event "44th Chess Olympiad Women 2022"]
[Site "Chennai"]
[Date "2022.08.09"]
[Round "11.39"]
[White "Sara Masood Abdullah"]
[Black "Oviedo Acosta, Paula"]
[Result "1-0"]
[ECO "B84"]
[WhiteElo "1677"]
[BlackElo "1855"]
[Annotator "NA COMBH"]
[PlyCount "109"]
[EventDate "2022.07.29"]
[EventType "team-tourn"]
[EventCountry "IND"]
[SourceTitle "playchess.com"]
[Source "ChessBase"]
[SourceQuality "1"]
[WhiteTeam "Iraq"]
[BlackTeam "Paraguay"]
[WhiteTeamCountry "IRQ"]
[BlackTeamCountry "PAR"]
[TimeControl "40/5400+30:1800+30"]

1. e4 c5 2. Nf3 e6 3. d4 cxd4 4. Nxd4 a6 5. Nc3 b5 6. a3 Bb7 7. Be2 Qc7 8. O-O d6 9. f4 Nd7 10. Kh1 Ngf6 11. Bf3 Be7 12. Qe1 Rc8 13. Be3 O-O 14. Qg3 Rfe8 15. Rad1 Bf8 16. f5 d5 17. fxe6 Qxg3 18. exf7+ Kxf7 19. hxg3 dxe4 20. Bh5+ g6 21. Bg4 Re7 22. Bg5 Bg7 23. Ne6 Ne5 24. Bxf6 Nxg4 25. Ng5+ Ke8 26. Bxe7 h6 27. Ngxe4 Bxe4 28. Nxe4 Kxe7 29. Rfe1 Be5 30. c3 Rc6 31. Kg1 Ke6 32. Nf2 Nxf2 33. Kxf2 Rc7 34. Rd4 Rf7+ 35. Rf4 Rd7 36. Rfe4 Rd2+ 37. Kf3 Rd3+ 38. R1e3 Rd5 39. b3 Kf6 40. c4 bxc4 41. Rxc4 Rd6 42. Ke4 Bb2 43. a4 h5 44. b4 Rd2 45. Rc6+ Kg5 46. Rd3 Rxg2 47. Kf3 Rg1 48. Rd5+ Kh6 49. Rdd6 Bg7 50. Rxg6+ Kh7 51. Rxa6 Rf1+ 52. Kg2 Rb1 53. b5 Rb2+ 54. Kh3 Rb1 55. Rge6 1-0

[Event "44th Chess Olympiad Women 2022"]
[Site "Chennai"]
[Date "2022.08.09"]
[Round "11.39"]
[White "Al-Fayyadh, Yamama Asif Abdula"]
[Black "Mayeregger Gonzalez, Renata"]
[Result "1/2-1/2"]
[ECO "B01"]
[WhiteElo "1666"]
[BlackElo "1479"]
[Annotator "NA RC COMBH"]
[PlyCount "137"]
[EventDate "2022.07.29"]
[EventType "team-tourn"]
[EventCountry "IND"]
[SourceTitle "playchess.com"]
[Source "ChessBase"]
[SourceQuality "1"]
[WhiteTeam "Iraq"]
[BlackTeam "Paraguay"]
[WhiteTeamCountry "IRQ"]
[BlackTeamCountry "PAR"]
[TimeControl "40/5400+30:1800+30"]

1. e4 d5 2. exd5 Nf6 3. d4 Qxd5 4. Nc3 Qa5 5. Nf3 Bg4 6. h3 Bxf3 7. Qxf3 c6 8. Bc4 e6 9. O-O Bd6 10. Bb3 Nbd7 11. Bd2 Qc7 12. Rfe1 O-O-O 13. Ne2 Kb8 14. c4 c5 15. dxc5 Nxc5 16. Bc2 Bh2+ 17. Kh1 Rxd2 18. Qc3 Bf4 19. b4 Nce4 20. Bxe4 Nxe4 21. Qf3 Be5 22. Qxe4 Bxa1 23. Rxa1 Rhd8 24. c5 Qc6 25. Qh4 f6 26. Nc3 R2d3 27. Rc1 Qc7 28. Qh5 Qf4 29. Ne2 Qxb4 30. Kh2 h6 31. c6 Qd6+ 32. Ng3 bxc6 33. Qa5 Ka8 34. Qa6 Ra3 35. Qc4 h5 36. Kg1 Qd5 37. Qb4 Rd3 38. Kh2 Rd4 39. Qc3 h4 40. Ne2 Qd6+ 41. Kh1 Rd1+ 42. Rxd1 Qxd1+ 43. Ng1 Qa4 44. Qc5 e5 45. Qe7 Qd4 46. Qxg7 Qxf2 47. Qc7 Qb6 48. Qe7 c5 49. Ne2 Qd6 50. Qh7 Qd1+ 51. Ng1 Qd4 52. Nf3 Qf4 53. Qc2 c4 54. Qa4 Qe4 55. Qa6 c3 56. Qxf6 Rd1+ 57. Ng1 Rxg1+ 58. Kxg1 Qe3+ 59. Kf1 Qd4 60. Qc6+ Kb8 61. Qb5+ Kc7 62. Qa5+ Kd6 63. Qa6+ Kd5 64. Qb7+ Kc4 65. Qb3+ Kd3 66. Qd1+ Kc4 67. Qa4+ Kd5 68. Qd7+ Kc5 69. Qxa7+ 1/2-1/2

[Event "44th Chess Olympiad Women 2022"]
[Site "Chennai"]
[Date "2022.08.09"]
[Round "11.40"]
[White "Enomah Emmanuella Trust"]
[Black "Al Mansouri, Moza"]
[Result "0-1"]
[ECO "A36"]
[WhiteElo "1901"]
[BlackElo "1606"]
[Annotator "TA"]
[PlyCount "80"]
[EventDate "2022.07.29"]
[EventType "team-tourn"]
[EventCountry "IND"]
[SourceTitle "playchess.com"]
[Source "ChessBase"]
[SourceQuality "1"]
[WhiteTeam "Nigeria"]
[BlackTeam "United Arab Emirates"]
[WhiteTeamCountry "NGR"]
[BlackTeamCountry "UAE"]
[TimeControl "40/5400+30:1800+30"]

1. c4 c5 2. g3 g6 3. Bg2 Bg7 4. Nc3 Nc6 5. e4 e5 6. Nge2 Nge7 7. d3 O-O 8. O-O d6 9. Be3 Be6 10. h3 {[%emt 0:00:04] A36: Symmetrical English vs ...g6: 4 Bg2 Bg7.} f5 11. Nd5 Rb8 {[%emt 0:03:48] [#]} 12. Qd2 $146 {[%emt 0:04:48] The position is equal.} ({Predecessor:} 12. a4 h6 13. Qd2 Kh7 14. f4 Nd4 15. Nxd4 cxd4 16. Bf2 fxe4 17. Bxe4 Bxh3 18. Rfe1 {0-1 (57) Hughes,A (1873)-Cramling Bellon,A (2035) Chess.com INT 2021}) 12... Qd7 13. Kh2 b5 14. Rab1 bxc4 15. dxc4 fxe4 (15... Nd4 $15) 16. Nec3 $11 Nd4 17. Nxe4 (17. Nxe7+ $1 $11 Qxe7 18. b3) 17... Bxd5 $15 18. cxd5 Nxd5 19. Bxd4 (19. Rbc1 $15) 19... exd4 ({Better is} 19... cxd4 20. h4 Ne7) 20. Ng5 Nf6 21. Qc2 {[%emt 0:01:19] [#]} ({White should play} 21. Rbe1) 21... Bh6 ({Black should try} 21... Qf5 $1 22. Qxf5 gxf5) 22. Ne4 Nxe4 23. Qxe4 Rbe8 24. Qd5+ Kh8 {[%emt 0:00:22] Black is more active.} 25. Qc4 Qe6 26. Qa6 Qe7 27. b4 $1 Rb8 (27... Bg7 $17 28. bxc5 dxc5) 28. Rbe1 {[%emt 0:00:17] Against Qe2} (28. bxc5 $15 dxc5 29. Rfe1) 28... Qc7 $36 {[%emt 0:01:51][%mdl 2048] Black has strong initiative.} 29. bxc5 dxc5 30. Re2 (30. Re6 $17 {is a better defense.}) 30... Qb6 (30... c4 $19 {Strongly threatening ...d3.} 31. Qa3 Rbc8) 31. Qa3 (31. Qd3 $17) 31... a5 (31... c4 $19 {and Black stays clearly on top. Threatens to win with ...d3.} 32. Qa4 Qc5) 32. Re5 $2 {[%emt 0:01:03] White does not recover from this.} (32. Rc2 $17) 32... Rbc8 33. Qb3 Qc7 34. Re6 c4 35. Qa4 Qa7 36. Bd5 $2 (36. Rb1 Qf7 37. Ra6) 36... d3 {[%emt 0:02:31][%cal Bd4d3,Bd3d2][%mdl 32] [#] And now ...c3 would win.} 37. f4 c3 {[%emt 0:00:17] ...c2 is the strong threat.} 38. Qd1 Qd4 39. Bb3 c2 40. Qc1 d2 {[%emt 0:00:27] Weighted Error Value: White=0.86/Black=0.22 (precise)} 0-1

[Event "44th Chess Olympiad Women 2022"]
[Site "Chennai"]
[Date "2022.08.09"]
[Round "11.40"]
[White "Ogbiyoyo, Perpetual Eloho"]
[Black "Rouda Essa, Alserkal"]
[Result "0-1"]
[ECO "C66"]
[WhiteElo "1886"]
[BlackElo "1874"]
[Annotator "NA COMBH"]
[PlyCount "106"]
[EventDate "2022.07.29"]
[EventType "team-tourn"]
[EventCountry "IND"]
[SourceTitle "playchess.com"]
[Source "ChessBase"]
[SourceQuality "1"]
[WhiteTeam "Nigeria"]
[BlackTeam "United Arab Emirates"]
[WhiteTeamCountry "NGR"]
[BlackTeamCountry "UAE"]
[TimeControl "40/5400+30:1800+30"]

1. e4 e5 2. Nf3 Nc6 3. Nc3 Nf6 4. Bb5 d6 5. d4 exd4 6. Nxd4 Bd7 7. Bg5 Be7 8. O-O O-O 9. Re1 a6 10. Bxc6 bxc6 11. Qd3 c5 12. Nf3 Be6 13. Rad1 Nh5 14. Bxe7 Qxe7 15. e5 Rfd8 16. Qe4 Rab8 17. g4 Rb4 18. exd6 Qf8 19. dxc7 Rc8 20. Qe5 Rxg4+ 21. Kh1 Nf6 22. Ng5 Bd7 23. Rd6 Re8 24. Qxe8 Nxe8 25. Rxd7 Nxc7 26. Rxc7 Rxg5 27. Rce7 Qa8+ 28. R1e4 Kf8 29. f4 Rg4 30. Nd5 Qd8 31. h3 Rg6 32. f5 Rd6 33. c4 Rxd5 34. Re8+ Qxe8 35. Rxe8+ Kxe8 36. cxd5 Ke7 37. Kg2 Kd6 38. Kf3 Kxd5 39. Kf4 f6 40. Ke3 c4 41. h4 h5 42. a3 Ke5 43. a4 Kxf5 44. Kd4 Ke6 45. Kxc4 Kd6 46. b4 Kc6 47. Kd4 g5 48. hxg5 fxg5 49. Ke4 g4 50. Kf4 Kd5 51. Kg3 Kc4 52. b5 axb5 53. a5 Kc5 0-1

[Event "44th Chess Olympiad Women 2022"]
[Site "Chennai"]
[Date "2022.08.09"]
[Round "11.40"]
[White "Al Maamari, Wafia Darwish"]
[Black "Suleiman Azumi Ayisha"]
[Result "1-0"]
[ECO "B82"]
[WhiteElo "1841"]
[BlackElo "1833"]
[Annotator "NA COMBH"]
[PlyCount "85"]
[EventDate "2022.07.29"]
[EventType "team-tourn"]
[EventCountry "IND"]
[SourceTitle "playchess.com"]
[Source "ChessBase"]
[SourceQuality "1"]
[WhiteTeam "United Arab Emirates"]
[BlackTeam "Nigeria"]
[WhiteTeamCountry "UAE"]
[BlackTeamCountry "NGR"]
[TimeControl "40/5400+30:1800+30"]

1. e4 c5 2. Nf3 d6 3. d4 cxd4 4. Nxd4 Nf6 5. Nc3 a6 6. f4 e6 7. Qf3 Qc7 8. g4 b5 9. a3 Be7 10. g5 Nfd7 11. h4 Bb7 12. h5 Nc6 13. Be3 Nxd4 14. Bxd4 e5 15. Be3 f5 16. Bd3 d5 17. h6 g6 18. Nxd5 Bxd5 19. exd5 e4 20. Qg2 Bd6 21. Bf1 Bxf4 22. Bd4 Rf8 23. Rh3 Ne5 24. Be2 Nf7 25. Rc3 Qd7 26. Bf6 Nxh6 27. Qf2 Bd6 28. O-O-O Ng8 29. Bh8 Rc8 30. Rxc8+ Qxc8 31. Qb6 Ke7 32. Qa7+ Qc7 33. Qxa6 Rc8 34. c3 Rb8 35. Rh1 Qb6 36. Rxh7+ Ke8 37. Qxb6 Rxb6 38. Bd4 Rb8 39. Ba7 Rd8 40. Bxb5+ Kf8 41. Bd4 f4 42. Bg7+ Kf7 43. Bh6# 1-0

[Event "44th Chess Olympiad Women 2022"]
[Site "Chennai"]
[Date "2022.08.09"]
[Round "11.40"]
[White "Mariam, Essa"]
[Black "Onoja, Iyefu Joy"]
[Result "1-0"]
[ECO "C01"]
[WhiteElo "1591"]
[BlackElo "1869"]
[Annotator "NA RC COMBH"]
[PlyCount "53"]
[EventDate "2022.07.29"]
[EventType "team-tourn"]
[EventCountry "IND"]
[SourceTitle "playchess.com"]
[Source "ChessBase"]
[SourceQuality "1"]
[WhiteTeam "United Arab Emirates"]
[BlackTeam "Nigeria"]
[WhiteTeamCountry "UAE"]
[BlackTeamCountry "NGR"]
[TimeControl "40/5400+30:1800+30"]

1. e4 e6 2. d4 d5 3. Nc3 Bb4 4. exd5 exd5 5. Bd3 Nf6 6. Nge2 c6 7. O-O O-O 8. a3 Ba5 9. b4 Bc7 10. Bf4 Bb6 11. Na4 Bg4 12. f3 Be6 13. Nxb6 Qxb6 14. c3 Nbd7 15. Qe1 h6 16. Kh1 Rfe8 17. Qd2 g5 18. Be5 Kg7 19. Ng3 Nxe5 20. dxe5 Ng8 21. f4 gxf4 22. Qxf4 Qc7 23. Nh5+ Kf8 24. Bh7 Ke7 25. Qh4+ f6 26. exf6+ Kf8 27. Ng7 1-0